 Dungeon Crawl Stone Soup version 0.30-a0-54-g2e61a25929 (webtiles) character file.

Game seed: 16410854040421988170

7 IdlyInterested the Trooper (level 1, -1/18 HPs)
             Began as a Demonspawn Wanderer on Sept 7, 2022.
             Slain by an endoplasm (3 damage)
             ... on level 1 of the Dungeon.
             The game lasted 00:01:32 (454 turns).

IdlyInterested the Trooper (Demonspawn Wanderer)     Turns: 454, Time: 00:01:33

Health: -1/18      AC:  2    Str: 12    XL:     1   Next: 83%
Magic:  3/3        EV: 11    Int: 14    God:
Gold:   14         SH:  0    Dex: 11    Spells: 4/4 levels left

rFire   . . .      SeeInvis .    a - +0 club
rCold   . . .      Faith    .    (no shield)
rNeg    . . .      Spirit   .    d - +0 robe
rPois   .          Reflect  .    (no helmet)
rElec   .          Harm     .    (no cloak)
rCorr   .          Rampage  .    (no gloves)
Will    .....                    (no boots)
Stlth   +.........               (no amulet)
HPRegen 0.06/turn                g - ring of wizardry
MPRegen 0.08/turn                (no ring)

@: no status effects
A: no striking features
a: no special abilities


You were on level 1 of the Dungeon.
You visited 1 branch of the dungeon, and saw 1 of its levels.

You collected 14 gold pieces.

Inventory:

Hand Weapons
 a - a +0 club (weapon)
Armour
 d - a +0 robe (worn)
Jewellery
 g - a ring of wizardry (left hand)
Wands
 e - a wand of flame (21) (quivered)
Scrolls
 b - a scroll of silence
 c - a scroll of blinking
Potions
 f - a potion of haste {unknown}
 h - a potion of attraction {unknown}
 i - a potion of curing {unknown}


   Skills:
 * Level 3.2 Fighting
 + Level 1.2 Dodging
 - Level 1.0 Stealth
 - Level 2.0 Spellcasting
 + Level 3.1 Evocations


You had 4 spell levels left.
You didn't know any spells.
Your spell library contained the following spells:

 Spells                   Type           Power      Damage    Failure   Level
 Poisonous Vapours        Pois/Air       2%         N/A       14%         2
 Static Discharge         Conj/Air       2%         3-4/arc   14%         2


Dungeon Overview and Level Annotations

Branches:
Dungeon (1/15)

Altars:


Message History

You finish taking off your +0 robe.
You start putting on your armour.
You continue putting on your +0 robe. x5
You finish putting on your +0 robe.
You drop a +0 robe.
You open the large door.
There is a large open door here.
Found a stone staircase leading down.
A quokka comes into view.
A goblin comes into view. It is wielding a +0 club.
The helpless quokka fails to defend itself.
You hit the quokka.
The quokka is severely wounded.
The goblin shouts!
The quokka barely misses you.
An endoplasm comes into view.
The goblin attacks as you move away! The goblin hits you with a +0 club.
You closely miss the quokka.
The quokka is severely wounded.
The quokka barely misses you. The quokka bites you.
You closely miss the quokka.
The quokka is severely wounded.
The quokka bites you.
You hit the quokka.
You kill the quokka!
The goblin hits you with a +0 club.
You hit the goblin.
You kill the goblin!
You hit the endoplasm. You punch the endoplasm.
The endoplasm is heavily wounded.
The endoplasm freezes you.
You are frozen.
* * * LOW HITPOINT WARNING * * *
You hit the endoplasm.
The endoplasm is almost dead.
The endoplasm barely misses you. The endoplasm hits you.
* * * LOW HITPOINT WARNING * * *
You hit the endoplasm but do no damage.
The endoplasm is almost dead.
The endoplasm hits you.
You die...

...# ...# ...# ###
... #..# #.# .. ...#
####.# .# ...#
#.##.##.#.###. #..#
#.##.@J.......
#..####.##.###..###.
####..#.......# .#
###.##..#....#..# ..
....##''#....#..# ##
##..##..#....#....
.......##.##.#..###
..........##>#..#
.....###.........


You could see an endoplasm.

Vanquished Creatures
  A giant cockroach (D:1)
  2 goblins (D:1)
  A quokka (D:1)
  A ball python (D:1)
  A bat (D:1)
  A rat (D:1)
7 creatures vanquished.

Notes
Turn   | Place    | Note
-------+----------+-------------------------------------------
     0 | D:1      | IdlyInterested the Demonspawn Wanderer began the quest for
                  | the Orb.
     0 | D:1      | IdlyInterested set off with the following items: a +0 club,
                  | a scroll of silence, a scroll of blinking, a +0 robe, a
                  | wand of flame (21); and the following spells available to
                  | memorise: Poisonous Vapours, Static Discharge.
     0 | D:1      | Reached XP level 1. HP: 18/18 MP: 3/3
   454 | D:1      | Slain by an endoplasm

Illustrated notes

Levels and vault maps discovered:
D:1:      beargit_arrival_diablo_church, layout_basic,
          shapermc_ecumenical_altar_mp_urbaneastern

Action                   || total
-------------------------++-------
Melee: Club              ||    26
       Punch             ||     1
 Stab: Sleeping          ||     2
Armor: Robe              ||     8
Dodge: Dodged            ||     7

Table legend: (Time is in decaauts)
 A = Elapsed time spent in this place.
 B = Non-inter-level travel time spent in this place.
 C = Inter-level travel time spent in this place.
 D = Time resting spent in this place.
 E = Time spent auto-exploring this place.
 F = Levels seen in this place.
 G = Mean time per level.
                   A        B        C        D        E       F      G
               +--------+--------+--------+--------+--------+-----+--------+
         Total |    461 |    461 |      0 |    231 |    117 |   1 |  461.0 |
       Dungeon |    461 |    461 |      0 |    231 |    117 |   1 |  461.0 |
               +--------+--------+--------+--------+--------+-----+--------+

Top non-repeatable levels by time:
     D:1: 461 daAuts
